 Dungeon Crawl Stone Soup version 0.30-a0-23-ge60ba3568b (webtiles) character file.

Game seed: 12385640456599885136

654 kareem the Fighter (level 7, -2/63 HPs)
             Began as a Demonspawn Fighter on Aug 25, 2022.
             Slain by a killer bee (7 damage)
             ... on level 5 of the Dungeon.
             The game lasted 00:06:23 (5041 turns).

kareem the Fighter (Demonspawn Fighter)             Turns: 5041, Time: 00:06:26

Health: -2/63      AC: 11    Str: 18    XL:     7   Next: 29%
Magic:  7/7        EV:  9    Int: 12    God:
Gold:   350        SH:  4    Dex: 12    Spells: 6/6 levels left

rFire   + . .      SeeInvis +    l - +4 hand axe
rCold   + . .      Faith    .    c - +0 buckler
rNeg    . . .      Spirit   .    b - +0 scale mail
rPois   +          Reflect  .    (helmet restricted)
rElec   +          Harm     .    (no cloak)
rCorr   +          Rampage  .    (no gloves)
Will    .....                    t - +0 pair of boots
Stlth   ..........               (no amulet)
HPRegen 0.20/turn                e - +4 ring of protection
MPRegen 0.10/turn                v - ring of see invisible

@: mighty, resistant
A: horns 1, powered by death 1, big brain 1, demonic magic 2
a: no special abilities


You were on level 5 of the Dungeon.
You visited 1 branch of the dungeon, and saw 6 of its levels.

You collected 350 gold pieces.

Inventory:

Hand Weapons
 a - a +0 trident
 l - a +4 hand axe (weapon)
 s - a +0 war axe
Armour
 b - a +0 scale mail (worn)
 c - a +0 buckler (worn)
 t - a +0 pair of boots (worn)
 C - a +2 leather armour of poison resistance
Jewellery
 e - a +4 ring of protection (left hand)
 h - a ring of poison resistance
 i - a +6 ring of intelligence
 v - a ring of see invisible (right hand)
Wands
 y - a wand of iceblast (13)
Scrolls
 f - a scroll of poison
 j - a scroll of noise
 o - 2 scrolls of teleportation
 B - a scroll of acquirement
Potions
 d - a potion of might
 g - a potion of invisibility
 k - a potion of heal wounds
 p - a potion of haste
 r - a potion of flight
 z - a potion of lignification
 A - a potion of brilliance {unknown}


   Skills:
 + Level 8.6 Fighting
 - Level 1.7 Polearms
 - Level 2.6 Armour
 - Level 2.6 Shields


You had 6 spell levels left.
You didn't know any spells.
Your spell library was empty.

Dungeon Overview and Level Annotations

Branches:
Dungeon (6/15)
 Temple: D:4-7

Altars:
Hepliaklqana
Yredelemnul

Shops:
D:3 (

Annotations:
D:6 Menkaure


Innate Abilities, Weirdness & Mutations

You have a pair of small horns on your head.
You regenerate a little health from kills.
You have an unusually large brain. (Int +2)
Spells you cast may paralyse nearby enemies.


Message History

You block the killer bee's attack.
The killer bee attacks as you move away!
The killer bee stings you.
* * * LOW HITPOINT WARNING * * *
You block the killer bee's attack. The killer bee stings you.
* * * LOW HITPOINT WARNING * * *
The killer bee attacks as you move away!
The killer bee stings you but does no damage.
The killer bee completely misses you.
The killer bee stings you but does no damage.
The killer bee stings you.
* * * LOW HITPOINT WARNING * * *
The killer bee attacks as you move away!
The killer bee stings you but does no damage. x2
The killer bee stings you but does no damage.
There is a stone staircase leading up here.
The killer bee stings you but does no damage. x2
You climb upwards.
There is a stone staircase leading down here.
You slash the killer bee! Your headbutt misses the killer bee.
The killer bee is severely wounded.
The killer bee stings you but does no damage. x2
You closely miss the killer bee. Your headbutt misses the killer bee.
The killer bee is severely wounded.
The killer bee stings you but does no damage. x2
The killer bee misses you.
You closely miss the killer bee. Your headbutt misses the killer bee.
The killer bee is severely wounded.
The killer bee stings you but does no damage.
The killer bee closely misses you.
The killer bee stings you but does no damage.
You hit the killer bee. Your headbutt misses the killer bee.
The killer bee is almost dead.
The killer bee stings you.
* * * LOW HITPOINT WARNING * * *
The killer bee stings you!
* * * LOW HITPOINT WARNING * * *
The killer bee stings you!
You die...

...........#..#......#
###'###..
###........+..#......#
#.....###
#........#..'......####.....#8.
#........#..#...............#..
#........#..#...............'.(
#........#..#...............'..
#........#..#######.........'..
#........#....y...#####.<...#(.
#........#....@.......#.....#..
#........###########..#########
########...........#..#.....+..
#...........+..'.....#..
#...........#..#######..
#...........#..###...#..
#...........#....'...#..
###...........#....#...#..
#...######...>##'###...#..


You could see a killer bee.

Vanquished Creatures
  An ogre (D:5)
  A phantom (D:3)
  A necrophage (D:4)
  A scorpion (D:5)
  2 killer bees (D:6)
  2 iguanas (D:4)
  3 orc wizards (D:5)
  5 adders
  2 ufetubi
  A worm (D:2)
  The ghost of xian the Sneak, a weakling TeDe (D:5)
  4 dart slugs
  10 orcs
  5 endoplasms
  3 giant cockroaches
  4 goblins
  11 hobgoblins
  7 jackals
  6 ball pythons
  5 bats
  A frilled lizard (D:2)
  4 kobolds
  6 rats
86 creatures vanquished.

Notes
Turn   | Place    | Note
-------+----------+-------------------------------------------
     0 | D:1      | kareem the Demonspawn Fighter began the quest for the Orb.
     0 | D:1      | Reached XP level 1. HP: 18/18 MP: 1/1
   351 | D:1      | Gained mutation: You have a pair of small horns on your
                  | head. [demonic ancestry]
   351 | D:1      | Reached XP level 2. HP: 24/24 MP: 2/2
   388 | D:1      | You fall into a shaft and drop 1 floor!
  1013 | D:2      | Reached skill level 4 in Fighting
  1052 | D:2      | Gained mutation: You have an unusually large brain. (Int
                  | +2) [demonic ancestry]
  1052 | D:2      | Reached XP level 3. HP: 30/30 MP: 3/3
  1785 | D:3      | Found Pyral's Antique Weapon Shop.
  1979 | D:3      | Gained mutation: Spells you cast may paralyse adjacent
                  | enemies. [demonic ancestry]
  1979 | D:3      | Reached XP level 4. HP: 35/38 MP: 4/4
  1981 | D:3      | Reached skill level 5 in Fighting
  2280 | D:3      | Found a faded altar of an unknown god.
  3078 | D:4      | Noticed an angel
  3149 | D:4      | Gained mutation: Spells you cast may paralyse nearby
                  | enemies. [demonic ancestry]
  3149 | D:4      | Reached XP level 5. HP: 30/46 MP: 5/5
  3150 | D:4      | Reached skill level 6 in Fighting
  3297 | D:4      | Noticed a phantom
  3339 | D:3      | Killed a phantom
  3393 | D:4      | Reached skill level 7 in Fighting
  3393 | D:4      | Reached XP level 6. HP: 51/55 MP: 6/6
  3518 | D:5      | Entered Level 5 of the Dungeon
  3519 | D:5      | Identified a scroll of acquirement
  3613 | D:5      | Acquired a +4 ring of protection
  3630 | D:5      | Found a runed translucent gate.
  3630 | D:5      | Found a runed translucent gate.
  3630 | D:5      | Found a runed translucent gate.
  3631 | D:5      | Noticed xian's ghost (weakling TeDe)
  3735 | D:5      | Found a basalt altar of Yredelemnul.
  4312 | D:5      | Reached skill level 8 in Fighting
  4312 | D:5      | Gained mutation: You regenerate a little health from kills.
                  | [demonic ancestry]
  4312 | D:5      | Reached XP level 7. HP: 57/62 MP: 7/7
  4432 | D:5      | Noticed an unseen horror
  4432 | D:5      | Noticed a wyvern
  4499 | D:5      | Found a hazy altar of Hepliaklqana.
  4796 | D:5      | Killed xian's ghost
  5009 | D:6      | Noticed Menkaure
  5041 | D:5      | Slain by a killer bee

Illustrated notes

Levels and vault maps discovered:
D:1:      heliophobic_arrival_glass_houses, layout_loops_ring,
          minmay_tromino_mix6
D:2:      layout_basic, minmay_surrounded
D:3:      layout_basic, serial_shops, nicolae_shop_advertising_works
          [nicolae_subvault_shop_adworks], dreamdust_ecumenical_altar_grove
D:4:      layout_gridville, zin_angel
D:5:      layout_gridville, nzn_hepliaklqana_mist_gate,
          mainiacjoe_overflow_24_doors, ebering_ghost_rock_garden,
          lightli_corner_chamber
D:6:      layout_basic, mainiacjoe_overflow_alcove_1,
          mainiacjoe_overflow_catwalk, gup_sewer_entry_bubbles,
          serial_park_tiny_1, uniq_menkaure

Skill      XL: |  1  2  3  4  5  6 |
---------------+-------------------+-----
Fighting       | 4 5 7 8 |  8.6
Polearms       | |  1.7
Armour         | |  2.6
Shields        | |  2.6

Action                   |  1- 3 |  4- 6 |  7- 9 || total
-------------------------+-------+-------+-------++-------
Melee: Trident           |    53 |       |       ||    53
       Hand axe          |    61 |   109 |    39 ||   209
       Headbutt          |    10 |    14 |     7 ||    31
  Use: Scroll            |       |     1 |    14 ||    15
       Potion            |       |       |     5 ||     5
Armor: Scale mail        |    39 |    66 |    43 ||   148
Dodge: Dodged            |    50 |    58 |    39 ||   147
Block: Buckler           |    25 |    32 |    12 ||    69

Table legend: (Time is in decaauts)
 A = Elapsed time spent in this place.
 B = Non-inter-level travel time spent in this place.
 C = Inter-level travel time spent in this place.
 D = Time resting spent in this place.
 E = Time spent auto-exploring this place.
 F = Levels seen in this place.
 G = Mean time per level.
                   A        B        C        D        E       F      G
               +--------+--------+--------+--------+--------+-----+--------+
         Total |   5115 |   4926 |    189 |    388 |   3801 |   6 |  852.5 |
       Dungeon |   5115 |   4926 |    189 |    388 |   3801 |   6 |  852.5 |
               +--------+--------+--------+--------+--------+-----+--------+

Top non-repeatable levels by time:
     D:5: 1427 daAuts
     D:2: 908 daAuts
     D:1: 905 daAuts
     D:4: 895 daAuts
     D:3: 860 daAuts
     D:6: 117 daAuts
